 Dungeon Crawl Stone Soup version 0.27.1-3-gb3d3a73c9e (webtiles) character file.

Game seed: 8919370727981899497

67 MisterFreud the Skirmisher (level 4, -11/44 HPs)
             Began as a Minotaur Abyssal Knight on Oct 10, 2021.
             Was a Believer of Lugonu.
             Mangled by a wyvern skeleton (12 damage)
             ... on level 3 of the Dungeon.
             The game lasted 00:01:49 (1873 turns).

MisterFreud the Skirmisher (MiAK)                   Turns: 1873, Time: 00:01:50

Health: -11/44     AC:  3    Str: 18    XL:     4   Next: 0%
Magic:  4/4        EV: 11    Int:  9    God:    Lugonu [**....]
Gold:   97         SH:  0    Dex:  9    Spells: 3/3 levels left

rFire    . . .     SeeInvis .   a - +1 falchion
rCold    . . .     Faith    .   (no shield)
rNeg     . . .     Spirit   .   b - +0 leather armour
rPois    .         Reflect  .   (helmet restricted)
rElec    .         Harm     .   (no cloak)
rCorr    .         Rampage  .   (no gloves)
Will     .....                  (no boots)
Stlth    +.........             (no amulet)
HPRegen  0.14/turn              (no ring)
MPRegen  0.09/turn              (no ring)

@: no status effects
A: horns 2, retaliatory headbutt
a: Renounce Religion, Depart the Abyss, Bend Space


You were on level 3 of the Dungeon.
You worshipped Lugonu.
Lugonu was pleased with you.
You visited 1 branch of the dungeon, and saw 3 of its levels.
You visited the Abyss 1 time.

You collected 97 gold pieces.

Inventory:

Hand Weapons
 a - a +1 falchion (weapon)
Missiles
 i - 17 poisoned darts
Armour
 b - a +0 leather armour (worn)
Jewellery
 e - an amulet of faith
Scrolls
 c - a scroll of torment {unknown}
 f - a scroll of fear {unknown}
 k - a scroll of fog {unknown}
Potions
 d - 2 potions of flight {unknown}
 g - 2 potions of magic {unknown}
 h - a potion of heal wounds {unknown}
 j - a potion of curing {unknown}
 l - a potion of mutation {unknown}


   Skills:
 + Level 5.8 Fighting
 - Level 2.4 Long Blades
 - Level 2.6 Armour
 - Level 1.1 Dodging
 - Level 1.8 Invocations


You had 3 spell levels left.
You didn't know any spells.
Your spell library contained the following spells:

 Spells                   Type           Power      Damage    Failure   Level
 Static Discharge         Conj/Air       0%         N/A       58%         2
 Lightning Bolt           Conj/Air       0%         1d11      100%        5
 Maxwell's Capacitive Co  Air            0%         ∞         100%        8


Dungeon Overview and Level Annotations

Branches:
Dungeon (3/15)

Altars:

Shops:
D:3 =


Innate Abilities, Weirdness & Mutations

You have a pair of horns on your head.
You reflexively headbutt those who attack you in melee.


Message History

An adder is nearby!
You hit the adder.
The adder is moderately wounded.
The adder bites you. The adder completely misses you.
You riposte.
You hit the adder.
The adder is almost dead.
You hit the adder but do no damage. Your headbutt misses the adder.
The adder is almost dead.
The adder barely misses you. You furiously retaliate!
You headbutt the adder.
You kill the adder!
Lugonu accepts your kill.
You have reached level 4!
You feel stronger.
A wyvern skeleton comes into view.
A wyvern skeleton is nearby!
A wyvern skeleton is nearby!
You slash the wyvern skeleton!
Your headbutt misses the wyvern skeleton.
The wyvern skeleton is lightly damaged.
The wyvern skeleton bites you! The wyvern skeleton misses you.
You furiously retaliate!
You headbutt the wyvern skeleton. You slash the wyvern skeleton!
The wyvern skeleton is heavily damaged.
The wyvern skeleton bites you.
You hit the wyvern skeleton.
The wyvern skeleton is severely damaged.
The wyvern skeleton bites you! x2
* * * LOW HITPOINT WARNING * * *
You are too injured to fight recklessly!
You hit the wyvern skeleton. You headbutt the wyvern skeleton.
The wyvern skeleton is almost destroyed.
The wyvern skeleton bites you.
* * * LOW HITPOINT WARNING * * *
You barely miss the wyvern skeleton.
Your headbutt misses the wyvern skeleton.
The wyvern skeleton is almost destroyed.
The wyvern skeleton bites you.
* * * LOW HITPOINT WARNING * * *
The wyvern skeleton bites you!
You die...

#.....##..#
#.##.....##..#
..########..# #.#
#..#
..#######..########
#..................
#..#####......#####
#.Z# #......# #.@#
#......# #..###.##
##..#### +.......#
#..# #.#####.##
#..# #..# #..) ##.#
#.. #.## #.# #..#
#.##+### ##.#
#......#


You could see a wyvern skeleton.

Vanquished Creatures
  Robin (D:3)
  An adder (D:3)
  3 dart slugs
  4 ball pythons
  2 giant cockroaches (D:1)
  13 goblins
  4 hobgoblins
  3 bats
  2 frilled lizards
  9 rats
42 creatures vanquished.

Notes
Turn   | Place    | Note
-------+----------+-------------------------------------------
     0 | Abyss:1  | MisterFreud the Minotaur Abyssal Knight began the quest for
                  | the Orb.
     0 | Abyss:1  | Reached XP level 1. HP: 19/19 MP: 1/1
    32 | D:1      | Escaped the Abyss
   155 | D:1      | Reached skill level 4 in Fighting
   216 | D:1      | Reached XP level 2. HP: 24/27 MP: 2/2
   625 | D:1      | Reached ** piety under Lugonu
  1076 | D:2      | Reached XP level 3. HP: 29/35 MP: 3/3
  1107 | D:2      | Reached skill level 5 in Fighting
  1517 | D:2      | Found a faded altar of an unknown god.
  1651 | D:3      | Noticed Robin
  1662 | D:3      | Killed Robin
  1793 | D:3      | Found Piylof's Jewellery Shop.
  1830 | D:3      | Reached XP level 4. HP: 41/44 MP: 4/4
  1872 | D:3      | HP: 2/44 [wyvern skeleton (3)]
  1873 | D:3      | Mangled by a wyvern skeleton

Illustrated notes

Levels and vault maps discovered:
D:1:      onia_arrival_handbag, layout_loops_ring,
          minmay_misc_feat_secret_circle
D:2:      layout_rooms, dreamdust_ecumenical_altar_hidden_monk_grotto
D:3:      layout_basic, serial_shops, shop, nicolae_shop_behind_doors,
          nicolae_shop_trees, nicolae_shop_crystal, nicolae_shop_waterfront,
          kennysheep_pointless_box, uniq_ijyb, uniq_grinder, uniq_robin

Skill      XL: |  1  2  3 |
---------------+----------+-----
Fighting       | 4 5 |  5.8
Long Blades    | |  2.4
Armour         | |  2.6
Dodging        | |  1.1
Invocations    | |  1.8

Action                   |  1- 3 |  4- 6 || total
-------------------------+-------+-------++-------
Melee: Falchion          |    91 |     5 ||    96
       Headbutt          |    12 |     1 ||    13
Armor: Leather armour    |    25 |       ||    25
Dodge: Dodged            |    53 |     1 ||    54
       Rpst.: Falchion   |    14 |       ||    14
